 Dungeon Crawl Stone Soup version 0.25-a0-413-g3b4b6a4ccc (webtiles) character file.

Game seed: 6330473781122111379, levelgen mode: deterministic

28 mopl the Insei (level 3, -4/17 HPs)
             Began as a Vine Stalker Transmuter on Jan 14, 2020.
             Slain by a worm (11 damage)
             ... on level 2 of the Dungeon.
             The game lasted 00:02:59 (593 turns).

mopl the Insei (Vine Stalker Transmuter)             Turns: 593, Time: 00:02:59

Health: -4/17      AC:  2    Str: 13    XL:     3   Next: 14%
Magic:  0/8        EV: 19    Int: 13    God:
Gold:   84         SH:  0    Dex: 19    Spells: 1/7 levels left

rFire    . . .     SeeInvis .     - Unarmed
rCold    . . .     Gourm    .   (shield currently unavailable)
rNeg     . . .     Faith    .   (armour currently unavailable)
rPois    x         Spirit   +   (helmet currently unavailable)
rElec    .         Reflect  .   (cloak currently unavailable)
rCorr    .         Harm     .   (gloves currently unavailable)
MR       .....                  (boots currently unavailable)
Stlth    ++........             (no amulet)
HPRegen  0.05/turn              (no ring)
MPRegen  0.11/turn              (no ring)

@: spider-form (expiring), very slightly contaminated
A: tiny, magic shield, no potion heal 3, rot immunity
a: End Transformation


You were on level 2 of the Dungeon.
You were not hungry.
You were a venomous arachnid creature.
You visited 1 branch of the dungeon, and saw 2 of its levels.

You collected 84 gold pieces.

Inventory:

Missiles
 a - 12 arrows
Armour
 b - a +0 robe (melded)
Scrolls
 e - a scroll of teleportation {unknown}
 f - a scroll of fear {unknown}
Comestibles
 d - 2 rations


   Skills:
 - Level 0.8 Fighting
 - Level 1.5 Dodging
 + Level 3.4 Unarmed Combat
 + Level 2.7 Spellcasting
 + Level 2.5 Transmutations
 + Level 0.1 Poison Magic


You had one spell level left.
You knew the following spells:

 Your Spells              Type           Power        Failure   Level  Hunger
a - Beastly Appendage     Tmut           #.....       22%         1    #......
b - Spider Form           Tmut/Pois      #.........   61%         3    ###....
w - Sticks to Snakes      Tmut           #.......     28%         2    ###....

Your spell library contained the following spells:

 Spells                   Type           Power        Failure   Level  Hunger
 Ice Form                 Ice/Tmut       #.......     92%         4    #####..
 Blade Hands              Tmut           #.........   98%         5    ######.


Dungeon Overview and Level Annotations

Branches:
Dungeon (2/15)

Altars:


Innate Abilities, Weirdness & Mutations

((You have extremely sharp teeth.))
When hurt, damage is shared between your health and your magic reserves.
((Your bite disrupts and absorbs the magic of your enemies.))
Potions cannot restore your health.
You are immune to rotting.


Message History

Unknown command.
You closely miss the quokka. The quokka bites you.
You hit the quokka.
The quokka is poisoned.
The quokka is heavily wounded.
The quokka bites you.
You miss the quokka.
The quokka is heavily wounded.
The quokka barely misses you.
You hit the quokka but do no damage.
The quokka looks as sick as possible!
The quokka is heavily wounded.
You kill the quokka!
You barely miss the rat.
The rat is moderately wounded.
The rat bites you.
You bite the rat!
You kill the rat!
Your transformation is almost over.
The worm bites you!
Ouch! That really hurt!
You die...

.# #.# #.# #.#
#.# #.#
#########.# #
........<.###.#
.........ws...#
.........######
........##
..##(#..# .
#....# ###.w#
#..# #..# #..#


You could see a worm.

Vanquished Creatures
  An ooze (D:1)
  2 dart slugs (D:1)
  A leopard gecko (D:1)
  A ball python (D:1)
  3 goblins (D:1)
  3 hobgoblins (D:1)
  A quokka (D:2)
  2 bats (D:1)
  2 frilled lizards (D:1)
  2 rats
18 creatures vanquished.

Notes
Turn   | Place    | Note
-------+----------+-------------------------------------------
     0 | D:1      | mopl the Vine Stalker Transmuter began the quest for the
                  | Orb.
     0 | D:1      | Reached XP level 1. HP: 9/9 MP: 4/4
    92 | D:1      | Reached XP level 2. HP: 7/14 MP: 4/6
   100 | D:1      | Learned a level 2 spell: Sticks to Snakes
   352 | D:1      | Reached XP level 3. HP: 12/17 MP: 8/8
   357 | D:1      | Learned a level 3 spell: Spider Form
   593 | D:2      | Slain by a worm

Levels and vault maps discovered:
D:1:      evilmike_arrival_plus, layout_basic, serial_glass, glass_columns_a,
          glass_columns_a, hex_intersection
D:2:      layout_rooms, tgw_xom

Action                   || total
-------------------------++-------
Melee: Unarmed           ||    59
       Bite              ||    11
       Headbutt          ||     4
       Kick              ||     1
       Punch             ||     1
 Cast: Beastly Appendage ||    12
       Spider Form       ||     1
 Stab: Sleeping          ||     2
Armor: Robe              ||     9
Dodge: Dodged            ||    29

Table legend:
 A = Non-vault XP
 B = Vault XP
 C = Vault XP percentage of total XP
 D = Non-vault monster count
 E = Vault monster count
 F = Vault count percentage of total count
                 A         B        C        D         E       F
            +---------+---------+-------+---------+---------+-------
      Total |      41 |       0 |   0.0 |      18 |       0 |   0.0
            +---------+---------+-------+---------+---------+-------
        D:1 |      38 |       0 |   0.0 |      16 |       0 |   0.0
        D:2 |       3 |       0 |   0.0 |       2 |       0 |   0.0
            +---------+---------+-------+---------+---------+-------
